 Dungeon Sprint DCSS version 0.19-a0-1532-g228a5d9 (webtiles) character file.

58 poirepourri the Covert (level 3, -4/16 HPs)
             Began as a Spriggan Enchanter on Sept 13, 2016.
             Splashed by an oklob sapling priest's acid (8 damage)
             ... in the Dungeon (Sprint IV: "Fedhas' Mad Dash").
             The game lasted 00:00:37 (298 turns).

poirepourri the Covert (Spriggan Enchanter)          Turns: 298, Time: 00:00:38

Health: -4/16      AC: -1    Str:  4    XL:     3   Next: 75%
Magic:  5/8        EV: 21    Int: 16    God:
Gold:   35         SH:  0    Dex: 17    Spells: 3 memorised, 1 level left

rFire  . . .     SeeInvis +     a - +1 dagger
rCold  . . .     Gourm    .     b - +1 robe
rNeg   . . .     Faith    .     (shield restricted)
rPois  .         Spirit   .     (helmet restricted)
rElec  .         Dismiss  .     (no cloak)
rCorr  .         Reflect  .     (gloves unavailable)
MR     .....     Harm     .     (boots unavailable)
Stlth  +++++..... NoTele   +    i - amulet of invisibility {+Inv}
                                (no ring)
                                (no ring)

@: corroded, very quick
A: unfitting armour, see invisible, herbivore 3, speed 3, slow metabolism 2
a: Evoke Invisibility


You were in the Dungeon.
You were not hungry.

You visited 1 branch You collected 35 gold pieces.

Inventory:

Hand Weapons
 a - a +1 dagger (weapon)
Armour
 b - a +1 robe (worn)
Jewellery
 i - the amulet of invisibility (around neck) {+Inv}
   (You found it in the Dungeon)

   [amulet of nothing]

   It lets you turn invisible.
Scrolls
 j - a scroll of blinking
Potions
 e - a potion of curing
 f - a potion of heal wounds
 g - a potion of haste
 h - 2 potions of magic
 k - a potion of agility {unknown}
Books
 c - a book of Maledictions

   Spells                             Type                      Level
   a - Corona                         Hexes                        1
   b - Ensorcelled Hibernation        Hexes/Ice                    2
   c - Confuse                        Hexes                        3
   d - Tukima's Dance                 Hexes                        3
   e - Dazzling Spray                 Conjuration/Hexes            3
Comestibles
 d - a bread ration


   Skills:
 + Level 2.2 Short Blades
 + Level 5.7 Dodging
 + Level 10.6 Stealth
 + Level 2.6 Spellcasting
 + Level 3.6 Hexes


You had one spell level left.
You knew the following spells:

 Your Spells              Type           Power        Failure   Level  Hunger
a - Corona                Hex            ##.....      6%          1    #......
b - Ensorcelled Hibernat  Hex/Ice        #.....       17%         2    ##.....
c - Confuse               Hex            ##......     14%         3    ###....


Dungeon Overview and Level Annotations

Branches:
Dungeon (1/1)

Altars:
Cheibriados
Dithmenos
Elyvilon
Gozag
Hepliaklqana
Kikubaaqudgha
Makhleb
Nemelex Xobeh
Okawaru
Qazlal
Ru
Sif Muna
Trog
Uskayaw
Vehumet
Xom
Yredelemnul
Zin
The Shining One
Beogh
Jiyva
Lugonu

Annotations:
D exclusion: oklob sapling


Innate Abilities, Weirdness & Mutations

You are tiny and cannot use many weapons and most armour.
You have supernaturally acute eyesight. (SInv)
You are a herbivore.
You cover ground extremely quickly.
You need consume almost no food.


Message History

Found two altars.
Found three altars.
There is an opulent altar of Gozag here.
Found a radiant altar of Vehumet and a corrupted altar of Lugonu.
There is a burning altar of Makhleb here.
The oklob sapling priest spits acid at you.
The splash of acid misses you.
Casting: Corona
Confirm with . or Enter, or press ? or * to list all spells.
Aiming: Confuse
Press: ? - help, Shift-Dir - straight line, f - oklob sapling priest
Aim: an oklob sapling priest (chance to defeat MR: 44%)
The oklob sapling priest resists with some effort.
The oklob sapling priest spits acid at you.
The splash of acid hits you!
Ouch! That really hurt!
* * * LOW HITPOINT WARNING * * *
The acid corrodes you!
The acid burns!
Ouch! That really hurt!
You die...

########################
.....#.....#.⌠._._._._.⌠
÷....'.#(..'.._._._._._.
.....#.#...#..._@_P_._..
#########+##.._._._._._.
#.⌠._._._._.⌠
#############


You could see an oklob sapling priest.

Vanquished Creatures
  An oklob sapling (D)
  A worker ant (D)
  A river rat (D)
  A rat (D)
4 creatures vanquished.

Notes
Turn   | Place    | Note
-------+----------+-------------------------------------------
     0 | D        | poirepourri the Spriggan Enchanter began the quest for the Orb.
     0 | D        | Reached XP level 1. HP: 9/9 MP: 5/5
    11 | D        | Reached skill level 7 in Stealth
    11 | D        | Reached XP level 2. HP: 13/13 MP: 4/6
    56 | D        | Learned a level 2 spell: Ensorcelled Hibernation
   262 | D        | Noticed an oklob sapling
   263 | D        | Killed an oklob sapling
   263 | D        | Reached skill level 5 in Dodging
   263 | D        | Reached skill level 9 in Stealth
   263 | D        | Reached XP level 3. HP: 16/16 MP: 8/8
   269 | D        | Reached skill level 10 in Stealth
   290 | D        | Learned a level 3 spell: Confuse
   291 | D        | Found an opulent altar of Gozag.
   291 | D        | Found a hazy altar of Hepliaklqana.
   291 | D        | Found a burning altar of Makhleb.
   291 | D        | Found a roughly hewn altar of Beogh.
   291 | D        | Found a sparkling altar of Nemelex Xobeh.
   291 | D        | Found a snail-covered altar of Cheibriados.
   291 | D        | Found a sacrificial altar of Ru.
   291 | D        | Found a deep blue altar of Sif Muna.
   291 | D        | Found a shimmering altar of Xom.
   291 | D        | Found a basalt altar of Yredelemnul.
   292 | D        | Found a viscous altar of Jiyva.
   292 | D        | Found a bloodstained altar of Trog.
   292 | D        | Noticed an oklob sapling priest
   293 | D        | Found an iron altar of Okawaru.
   293 | D        | Found a shadowy altar of Dithmenos.
   293 | D        | Found a glowing silver altar of Zin.
   294 | D        | Found an ancient bone altar of Kikubaaqudgha.
   294 | D        | Found a hide-covered altar of Uskayaw.
   295 | D        | Found a stormy altar of Qazlal.
   295 | D        | Found a white marble altar of Elyvilon.
   295 | D        | Found a glowing golden altar of the Shining One.
   296 | D        | Found a radiant altar of Vehumet.
   296 | D        | Found a corrupted altar of Lugonu.
   298 | D        | Splashed by an oklob sapling priest's acid

Vault maps used:
D:        dungeon_sprint_fedhas

Skill      XL: |  1  2  3 |
---------------+----------+-----
Stealth        | 7 9 10 | 10.6
Dodging        | 5 |  5.7
Short Blades   | 2 |  2.2
Spellcasting   | |  2.6
Hexes          | |  3.6

Action                   || total
-------------------------++-------
Melee: Dagger            ||     9
 Cast: Corona            ||     1
       Confuse           ||     1
  Use: Potion            ||     1
       Scroll            ||     1
 Stab: Sleeping          ||     2
Armor: Robe              ||     1
Dodge: Dodged            ||     3
